 Dungeon Crawl Stone Soup version 0.23.2-1-ga50397a (webtiles) character file.

Game seed: 6208137319645024637

62 whitewolfNL the Ruffian (level 3, 0/37 HPs)
             Began as a Troll Berserker on May 7, 2019.
             Was a Believer of Trog.
             Slain by a gnoll
             ... wielding a cursed +0 spear
              (7 damage)
             ... on level 2 of the Dungeon.
             The game lasted 00:03:11 (889 turns).

whitewolfNL the Ruffian (Troll Berserker)            Turns: 889, Time: 00:03:13

Health: 0/37       AC:  6    Str: 25    XL:     3   Next: 85%
Magic:  2/2        EV:  5    Int:  3    God:    Trog [**....]
Gold:   111        SH:  0    Dex: 10    Spells: 2/2 levels left

rFire    . . .     SeeInvis .     - Unarmed
rCold    . . .     Gourm    +   (no shield)
rNeg     . . .     Faith    .   a - +0 animal skin
rPois    .         Spirit   .   (helmet restricted)
rElec    .         Reflect  .   (no cloak)
rCorr    .         Harm     .   (gloves unavailable)
MR       .....                  (boots unavailable)
Stlth    +.........             (no amulet)
HPRegen  0.52/turn              (no ring)
MPRegen  0.08/turn              (no ring)

@: berserk cooldown, held, slowed, very slow
A: large, unfitting armour, claws 3, fast metabolism 3, gourmand, regeneration
1, shaggy fur 1, tough skin 3
a: Berserk, Trog's Hand, Renounce Religion


You were on level 2 of the Dungeon.
You worshipped Trog.
Trog was pleased with you.
You were completely stuffed.

You visited 1 branch of the dungeon, and saw 2 of its levels.

You collected 111 gold pieces.

Inventory:

Missiles
 e - 33 stones (quivered)
 k - 30 bolts
Armour
 a - a +0 animal skin (worn)
Jewellery
 g - an uncursed amulet of magic regeneration {unknown}
Scrolls
 c - a scroll of enchant armour {unknown}
 d - 6 scrolls of amnesia {unknown}
 f - a scroll of teleportation {unknown}
 i - a scroll of remove curse {unknown}
 j - a scroll of identify {unknown}
Comestibles
 b - 6 rations
 h - 5 chunks of flesh


   Skills:
 * Level 3.0 Fighting
 * Level 1.0 Throwing
 + Level 2.8 Dodging
 * Level 0.4 Stealth
 + Level 3.4 Unarmed Combat


You had 2 spell levels left.
You didn't know any spells.
Your spell library was empty.

Dungeon Overview and Level Annotations

Branches:
Dungeon (2/15)

Altars:


Innate Abilities, Weirdness & Mutations

You are too large for most types of armour.
You have claws for hands.
Your metabolism is lightning-fast.
You like to eat raw meat.
Your natural rate of healing is unusually fast.
You are covered in fur. (AC +1)
You have extremely tough skin. (AC +3)


Message History

Trog accepts your kill.
Your Fighting skill increases to level 3!
Your Throwing skill increases to level 1!
A bat comes into view.
The gnoll throws a throwing net.
The throwing net hits you.
You become entangled in the net!
The bat moves out of view.
You struggle against the net.
You struggle against the net.
You feel a strong urge to attack something.
You struggle against the net.
You are no longer berserk.
You are exhausted.
You feel yourself slow down. The gnoll hits you but does no damage.
You struggle against the net.
The gnoll hits you from afar with a cursed +0 spear!
* * * LOW HITPOINT WARNING * * *
The gnoll hits you with a +0 club.
* * * LOW HITPOINT WARNING * * *
The gnoll hits you from afar with a cursed +0 spear!
You die...

#..# ..# ..# #.....r#
#...##g# #.#.##g#
#.#.##g# #^#.##@#
###########.#.##.#
.รท..........#..#.###
##########......)..#
.####### #.............
.......###.............#
........##.............#
........##.........#+###
###+#...########+###.#
######


You could see 2 gnolls, a hobgoblin and a rat.

Vanquished Creatures
  2 gnolls (D:2)
  2 dart slugs (D:1)
  2 leopard geckos
  5 giant cockroaches
  6 goblins
  4 hobgoblins (D:1)
  A ball python (D:2)
  3 bats
  3 frilled lizards (D:2)
  4 kobolds (D:1)
  3 rats (D:1)
35 creatures vanquished.

Notes
Turn   | Place    | Note
-------+----------+-------------------------------------------
     0 | D:1      | whitewolfNL the Troll Berserker began the quest for the
                  | Orb.
     0 | D:1      | Reached XP level 1. HP: 22/22 MP: 0/0
   113 | D:1      | Reached XP level 2. HP: 27/29 MP: 1/1
   372 | D:1      | Reached ** piety under Trog
   518 | D:1      | Reached XP level 3. HP: 36/36 MP: 2/2
   885 | D:2      | Reached skill level 1 in Throwing
   889 | D:2      | Slain by a gnoll

Skill      XL: |  1  2  3 |
---------------+----------+-----
Fighting       | 3 |  3.0
Throwing       | 1 |  1.0
Dodging        | |  2.8
Stealth        | |  0.4
Unarmed Combat | |  3.4

Action                   || total
-------------------------++-------
Melee: Unarmed           ||    77
       Punch             ||     1
Invok: Berserk           ||     1
 Stab: Sleeping          ||     1
  Eat: Chunk             ||    14
Armor: Animal skin       ||    24
Dodge: Dodged            ||    39
